 Dungeon Crawl Stone Soup version 0.30-a0-149-g7f746667c4 (webtiles) character file.

Game seed: 3165003745027785232

12284 qw the Cleaver (level 11, 0/69 HPs)
             Began as a Gargoyle Fighter on Sept 26, 2022.
             Was an Elder of Okawaru.
             Slain by Snorg (11 damage)
             ... on level 3 of the Lair of Beasts.
             The game lasted 00:04:54 (15854 turns).

qw the Cleaver (Gargoyle Fighter)                  Turns: 15854, Time: 00:04:55

Health: 0/69       AC: 27    Str: 24    XL:     11   Next: 91%
Magic:  14/15      EV: 11    Int:  9    God:    Okawaru [****..]
Gold:   185        SH: 12    Dex:  9    Spells: 10/10 levels left

rFire   . . .      SeeInvis .    Y - +0 war axe
rCold   . . .      Faith    .    b - +0 kite shield
rNeg    + + .      Spirit   .    m - +0 pearl dragon scales
rPois   inf        Reflect  .    (no helmet)
rElec   +          Harm     .    t - +0 cloak
rCorr   .          Rampage  .    (no gloves)
Will    .....                    a - +1 pair of boots
Stlth   +.........               (no amulet)
HPRegen 0.21/turn                (no ring)
MPRegen 0.14/turn                (no ring)

@: about to teleport, heroic
A: sickness immunity, AC +8, negative energy resistance 1, electricity
resistance, torment resistance 1, petrification resistance
a: Renounce Religion, Heroism, Finesse


You were on level 3 of the Lair of Beasts.
You worshipped Okawaru.
Okawaru was greatly pleased with you.
You visited 3 branches of the dungeon, and saw 13 of its levels.

You collected 592 gold pieces.
You spent 407 gold pieces at shops.


Innate Abilities, Weirdness & Mutations

You are immune to sickness and miasma.
Your stone body is resilient. (AC +8)
You are immune to poison.
You resist negative energy. (rN+)
You are resistant to electric shocks. (rElec)
You are resistant to unholy torment.
You are immune to petrification.


   Skills:
 - Level 8.4(13.4) Fighting
 - Level 11.0(16.0) Axes
 - Level 3.0(8.0) Throwing
 - Level 7.0(12.0) Armour
 - Level 2.2(7.2) Dodging
 + Level 9.9(14.9) Shields
 + Level 6.5 Invocations


You had 10 spell levels left.
You didn't know any spells.
Your spell library was empty.

Inventory:

Hand Weapons
 e - a +0 flail
 n - the +5 whip "Etued" {flame, rPois Will- rCorr}
   (You found it on level 5 of the Dungeon)

   It burns those it strikes, dealing additional fire damage.
   rPois:     It protects you from poison.
   rCorr:     It protects you from acid and corrosion.
   Will:      It decreases your willpower.
 Y - a +0 war axe (weapon)
Missiles
 r - 3 silver boomerangs (quivered)
 s - 3 boomerangs
Armour
 a - a +1 pair of boots (worn)
 b - a +0 kite shield (worn)
 m - +0 pearl dragon scales (worn)
 t - a +0 cloak (worn)
Scrolls
 h - 5 scrolls of identify
 k - 9 scrolls of teleportation
Potions
 d - 5 potions of might
 f - 2 potions of haste
 g - 4 potions of mutation
 i - a potion of resistance
 j - 2 potions of cancellation
 l - 7 potions of curing
 u - 3 potions of lignification
 v - 2 potions of attraction

Dungeon Overview and Level Annotations

Branches:
Dungeon (9/15)             Temple (1/1) D:6            Lair (3/5) D:9
  Snake (0/4) Lair:2
  Swamp: Lair:2-3    Shoals: Lair:2-3       Orc: D:9-12

Altars:
Ashenzari
Cheibriados
Dithmenos
Elyvilon
Gozag
Hepliaklqana
Kikubaaqudgha
Makhleb
Nemelex Xobeh
Okawaru
Qazlal
Ru
Sif Muna
Trog
Uskayaw
Vehumet
Wu Jian
Xom
Yredelemnul
Zin
The Shining One

Shops:
D:3 *   D:5 *   D:7 [(*!   D:8 !

Annotations:
Lair:3 Snorg


Message History

Throw: 3 boomerangs (silver)
Press: ? - help, Q - select action, (/) - cycle Shift-Dir - straight line, f/p - Snorg You throw a silver boomerang.
The silver boomerang hits Snorg!
Snorg is lightly wounded.
You closely miss Snorg.
Snorg is lightly wounded.
Snorg goes berserk!
You hit Snorg.
Snorg is lightly wounded.
You block Snorg's attack. x2; Snorg claws you but does no damage.
You slash Snorg!
Snorg is lightly wounded.
You block Snorg's attack. x2; Snorg closely misses you.
You slice Snorg!!
Snorg is moderately wounded.
You block Snorg's attack. Snorg barely misses you. Snorg claws you!
You hit Snorg.
Snorg is moderately wounded.
Snorg bites you. Snorg completely misses you. You block Snorg's attack.
You slash Snorg!
Snorg is moderately wounded.
Snorg bites you but does no damage. Snorg claws you! Snorg closely misses you.
Snorg bites you but does no damage. Snorg claws you but does no damage.
Snorg claws you!
You slice Snorg!!
Snorg is heavily wounded.
You block Snorg's attack. Snorg claws you but does no damage. Snorg claws you!
You hit Snorg.
Snorg is heavily wounded.
Snorg bites you but does no damage. You block Snorg's attack.
Snorg barely misses you.
You hit Snorg but do no damage.
Snorg is heavily wounded.
Snorg bites you. You block Snorg's attack. Snorg claws you.
15854 ||| READING 10 scrolls of teleportation.
As you read the scroll of teleportation, it crumbles to dust.
You feel strangely unstable. Snorg bites you but does no damage.
Snorg claws you but does no damage. You block Snorg's attack. Snorg bites you!
You die...

(......
................P
....... ........#
......< ........#
....... ........#
...$... #.......#
......T##........
.......@#......#
.........<....P#
..............##
...:..........#
.............##
..............#
................
####.#####.......
## .......


You could see Snorg (berserk).

Vanquished Creatures
  A hydra (Lair:2)
  Sonja (Lair:2)
  Pikel (D:7)
  2 black mambas (Lair:2)
  Joseph (D:8)
  4 cane toads
  A rime drake (Lair:2)
  A komodo dragon (Lair:2)
  Sigmund (D:6)
  A wraith (D:9)
  4 wyverns (D:9)
  12 yaks
  A basilisk (Lair:1)
  Menkaure (D:6)
  3 nagas (Lair:2)
  6 water moccasins
  5 orc warriors
  2 black bears
  3 sky beasts
  4 ogres
  2 centaurs
  Blork the orc (D:6)
  A gnoll sergeant (D:9)
  10 bullfrogs
  4 scorpions
  15 killer bees
  An electric eel (Lair:1)
  3 howler monkeys (D:9)
  2 hounds
  A gnoll bouda (D:7)
  3 jellies
  7 orc priests
  2 iguanas (D:6)
  13 orc wizards
  13 gnolls
  6 adders
  A white imp (D:5)
  2 worms (D:2)
  4 dart slugs
  32 orcs
  5 bats
  6 endoplasms
  3 giant cockroaches
  11 goblins
  8 hobgoblins
  5 jackals
  7 kobolds
  7 quokkas
  7 ball pythons
  3 frilled lizards
  7 rats
247 creatures vanquished.

Vanquished Creatures (others)
  6 fungi
  26 plants
32 creatures vanquished.

Grand Total: 279 creatures vanquished

Notes
Turn   | Place    | Note
-------+----------+-------------------------------------------
     0 | D:1      | qw the Gargoyle Fighter began the quest for the Orb.
     0 | D:1      | Reached XP level 1. HP: 14/14 MP: 1/1
     0 | D:1      | 0 ||| qw: Version: 0.2-a-10-g399e6c4
     0 | D:1      | 0 ||| qw: Game counter: 535
     0 | D:1      | 0 ||| qw: Always use a shield: true
     0 | D:1      | 0 ||| qw: God list: Okawaru
     0 | D:1      | 0 ||| qw: Allow faded altars: false
     0 | D:1      | 0 ||| qw: Do Orc after D:15 true
     0 | D:1      | 0 ||| qw: Do second Lair branch before Depths: true
     0 | D:1      | 0 ||| qw: Lair rune preference: random
     0 | D:1      | 0 ||| qw: Plans: Normal, Zot:1-4, God:TSO, Crypt, Tomb,
                  | Pan, Slime:5, Hells, Abyss, Orb
     0 | D:1      | 0 ||| PLANNING D:1-11
    40 | D:1      | Reached skill level 2 in Axes
   366 | D:1      | Reached XP level 2. HP: 19/19 MP: 2/2
   388 | D:1      | 388 ||| Stepping ~*~*~tactically~*~*~ (stealth).
   389 | D:1      | 389 ||| Stepping ~*~*~tactically~*~*~ (stealth).
   391 | D:1      | 391 ||| Stepping ~*~*~tactically~*~*~ (stealth).
   953 | D:1      | Reached skill level 3 in Axes
  1073 | D:1      | 1073 ||| DROPPING +0 club.
  1122 | D:1      | Reached XP level 3. HP: 23/23 MP: 3/3
  1655 | D:1      | 1655 ||| Stepping ~*~*~tactically~*~*~ (stealth).
  1656 | D:1      | 1656 ||| Stepping ~*~*~tactically~*~*~ (stealth).
  1701 | D:1      | 1701 ||| READING scroll labelled QUMOT WUOXOX.
  1706 | D:1      | 1706 ||| READING 2 scrolls labelled FAUMECACRA.
  1707 | D:1      | 1707 ||| READING scroll labelled COPRUS EVVYQIT.
  1708 | D:1      | 1708 ||| READING scroll labelled VAHUKOITEXE.
  1843 | D:2      | 1843 ||| DROPPING +0 whip.
  1879 | D:2      | 1879 ||| Stepping ~*~*~tactically~*~*~ (stealth).
  2357 | D:2      | Reached XP level 4. HP: 28/28 MP: 4/4
  2370 | D:2      | Found a faded altar of an unknown god.
  2787 | D:2      | 2787 ||| UPGRADING to +1 pair of boots.
  2792 | D:2      | 2792 ||| READING scroll labelled BEOSCH YNUIDED.
  2793 | D:2      | 2793 ||| DRINKING 2 blue potions.
  2794 | D:2      | 2794 ||| READING 3 scrolls of identify.
  2794 | D:2      | 2794 ||| IDENTIFYING glowing red potion
  2795 | D:2      | 2795 ||| READING 2 scrolls of identify.
  2795 | D:2      | 2795 ||| IDENTIFYING lumpy blue potion
  2879 | D:3      | 2879 ||| PLANNING SEWER
  2888 | D:3      | Found Nezel's General Store.
  3325 | D:3      | Reached skill level 1 in Throwing
  3563 | D:3      | 3563 ||| RIP SEWER
  3620 | D:3      | 3620 ||| PLANNING D:1-11
  3620 | D:3      | 3620 ||| Stepping ~*~*~tactically~*~*~ (hiding).
  3625 | D:3      | Reached skill level 4 in Axes
  3971 | D:3      | Reached XP level 5. HP: 29/32 MP: 5/5
  4070 | D:3      | 4070 ||| UPGRADING to +0 ring mail of cold resistance.
  4080 | D:3      | 4080 ||| READING scroll labelled ANYREE OMMAOC.
  4081 | D:3      | 4081 ||| READING scroll labelled UKUEF RETOPSYT.
  4082 | D:3      | 4082 ||| DRINKING 2 fuming dark potions.
  4198 | D:4      | 4198 ||| Stepping ~*~*~tactically~*~*~ (stealth).
  4207 | D:4      | Reached skill level 5 in Axes
  4207 | D:4      | HP: 5/32 [gnoll/+0 halberd (8)]
  4208 | D:4      | 4208 ||| READING 3 scrolls of teleportation.
  4649 | D:4      | Noticed an ogre
  4654 | D:4      | Killed an ogre
  4655 | D:4      | Reached XP level 6. HP: 37/37 MP: 6/6
  4679 | D:4      | 4679 ||| Stepping ~*~*~tactically~*~*~ (stealth).
  4680 | D:4      | 4680 ||| Stepping ~*~*~tactically~*~*~ (stealth).
  4710 | D:4      | Reached XP level 7. HP: 43/43 MP: 7/7
  5069 | D:4      | 5069 ||| Stepping ~*~*~tactically~*~*~ (hiding).
  5072 | D:4      | 5072 ||| Stepping ~*~*~tactically~*~*~ (hiding).
  5073 | D:4      | 5073 ||| Stepping ~*~*~tactically~*~*~ (hiding).
  5074 | D:4      | 5074 ||| Stepping ~*~*~tactically~*~*~ (hiding).
  5075 | D:4      | 5075 ||| Stepping ~*~*~tactically~*~*~ (hiding).
  5076 | D:4      | 5076 ||| Stepping ~*~*~tactically~*~*~ (hiding).
  5086 | D:4      | Reached skill level 6 in Axes
  5349 | D:4      | 5349 ||| READING scroll labelled LIGIXZ CAYBE.
  5350 | D:4      | 5350 ||| DRINKING 2 coppery potions.
  5351 | D:4      | 5351 ||| DRINKING 2 golden potions.
  5352 | D:4      | 5352 ||| DROPPING potion of degeneration.
  5363 | D:5      | Entered Level 5 of the Dungeon
  5498 | D:5      | Identified the +5 whip "Etued" {flame, rPois Will- rCorr}
  5719 | D:5      | Identified the +1 robe of Depression {MP+9 Int+6}
  6053 | D:5      | Found Jarhaa's General Store.
  6069 | D:5      | 6069 ||| SHOPLISTING amulet of regeneration (390 gold, have
                  | 244).
  6069 | D:5      | 6069 ||| BUYING potion of curing (39 gold).
  6069 | D:5      | Bought a potion of curing for 39 gold pieces
  6069 | D:5      | 6069 ||| SHOPLISTING ring of fire (325 gold, have 205).
  6069 | D:5      | 6069 ||| BUYING scroll of identify (26 gold).
  6069 | D:5      | Bought a scroll of identify for 26 gold pieces
  6069 | D:5      | 6069 ||| BUYING scroll of teleportation (39 gold).
  6069 | D:5      | Bought a scroll of teleportation for 39 gold pieces
  6245 | D:5      | Found a glowing silver altar of Zin.
  6266 | D:5      | Reached skill level 7 in Axes
  6266 | D:5      | Reached XP level 8. HP: 48/48 MP: 8/8
  6319 | D:5      | 6319 ||| DRINKING 2 purple potions.
  6320 | D:5      | 6320 ||| DRINKING 2 sedimented black potions.
  6374 | D:5      | 6374 ||| READING 2 scrolls of identify.
  6374 | D:5      | 6374 ||| IDENTIFYING viscous emerald potion
  6375 | D:5      | 6375 ||| DROPPING potion of brilliance.
  6413 | D:6      | Noticed Menkaure
  6414 | D:6      | 6414 ||| FLEEEEING.
  6416 | D:6      | 6416 ||| STAIRDANCE
  6485 | D:6      | HP: 6/48 [Menkaure (11)]
  6486 | D:6      | 6486 ||| READING 6 scrolls of teleportation.
  6487 | D:6      | 6487 ||| DRINKING potion of heal wounds.
  6609 | D:6      | Killed Menkaure
  6754 | D:6      | 6754 ||| FLEEEEING.
  6755 | D:6      | 6755 ||| FLEEEEING.
  6756 | D:6      | 6756 ||| FLEEEEING.
  6757 | D:6      | 6757 ||| FLEEEEING.
  6758 | D:6      | 6758 ||| FLEEEEING.
  6768 | D:6      | 6768 ||| FLEEEEING.
  6769 | D:6      | 6769 ||| STAIRDANCE
  6919 | D:6      | 6919 ||| STAIRDANCE
  7043 | D:6      | Reached skill level 8 in Axes
  7302 | D:6      | Noticed Sigmund
  7329 | D:6      | 7329 ||| DRINKING 3 potions of curing.
  7329 | D:6      | 7329 ||| (to cure confusion)
  7338 | D:6      | HP: 12/51 [something (3)]
  7343 | D:6      | Killed Sigmund
  7344 | D:6      | Reached skill level 6 in Fighting
  7564 | D:6      | 7564 ||| Stepping ~*~*~tactically~*~*~ (stealth).
  7596 | D:6      | Reached XP level 9. HP: 56/56 MP: 9/9
  7606 | D:6      | Found a staircase to the Ecumenical Temple.
  7607 | D:6      | 7607 ||| PLANNING TEMPLE
  7607 | D:6      | 7607 ||| DROPPING +0 scale mail.
  7608 | D:6      | 7608 ||| UPGRADING to +0 chain mail.
  7608 | D:6      | Noticed Blork the orc
  7609 | D:6      | 7609 ||| Stepping ~*~*~tactically~*~*~ (stealth).
  7610 | D:6      | 7610 ||| Stepping ~*~*~tactically~*~*~ (stealth).
  7611 | D:6      | 7611 ||| UPGRADING to +0 chain mail.
  7621 | D:6      | 7621 ||| DROPPING +2 leather armour of fire resistance.
  7622 | D:6      | 7622 ||| READING 2 scrolls of identify.
  7622 | D:6      | 7622 ||| IDENTIFYING fizzy dark potion
  7623 | D:6      | 7623 ||| DROPPING potion of berserk rage.
  7624 | D:6      | 7624 ||| DROPPING 2 potions of invisibility.
  7626 | D:6      | 7626 ||| Stepping ~*~*~tactically~*~*~ (stealth).
  7628 | D:6      | 7628 ||| Stepping ~*~*~tactically~*~*~ (hiding).
  7638 | D:6      | Killed Blork the orc
  7650 | Temple   | Entered the Ecumenical Temple
  7674 | Temple   | 7674 ||| PLANNING OKAWARU WORSHIP
  8101 | Temple   | Became a worshipper of Warmaster Okawaru
  8102 | Temple   | 8102 ||| PLANNING D:1-11
  8144 | D:6      | 8144 ||| Stepping ~*~*~tactically~*~*~ (hiding).
  8474 | D:6      | 8474 ||| READING scroll labelled IME BEUM QEER.
  8491 | D:7      | 8491 ||| STAIRDANCE
  8617 | D:7      | HP: 12/56 [water moccasin (4)]
  8618 | D:7      | 8618 ||| READING 8 scrolls of teleportation.
  8620 | D:7      | Found Ujopiwk's Distillery.
  8798 | D:7      | 8798 ||| FLEEEEING.
  8800 | D:7      | 8800 ||| STAIRDANCE
  8911 | D:7      | Reached skill level 9 in Axes
  8918 | D:7      | 8918 ||| BUYING potion of attraction (39 gold).
  8918 | D:7      | Bought a potion of attraction for 39 gold pieces
  8918 | D:7      | 8918 ||| BUYING potion of curing (39 gold).
  8918 | D:7      | Bought a potion of curing for 39 gold pieces
  8918 | D:7      | 8918 ||| BUYING potion of curing (39 gold).
  8918 | D:7      | Bought a potion of curing for 39 gold pieces
  8918 | D:7      | 8918 ||| BUYING potion of curing (39 gold).
  8918 | D:7      | Bought a potion of curing for 39 gold pieces
  8918 | D:7      | 8918 ||| BUYING potion of heal wounds (65 gold).
  8918 | D:7      | Bought a potion of heal wounds for 65 gold pieces
  8918 | D:7      | 8918 ||| SHOPLISTING potion of heal wounds (65 gold, have
                  | 37).
  8918 | D:7      | 8918 ||| SHOPLISTING potion of resistance (130 gold, have
                  | 37).
  8957 | D:7      | Found a broken altar of Ashenzari.
  8985 | D:7      | Found Noduucicw's Weapon Boutique.
  8991 | D:7      | 8991 ||| Stepping ~*~*~tactically~*~*~ (hiding).
  9033 | D:7      | Noticed Pikel
  9052 | D:7      | Killed Pikel
  9052 | D:7      | Reached * piety under Okawaru
  9053 | D:7      | Reached skill level 6 in Shields
  9230 | D:7      | Found Vyetazash's Antique Armour Shoppe.
  9270 | D:7      | 9270 ||| Stepping ~*~*~tactically~*~*~ (stealth).
  9278 | D:7      | 9278 ||| INVOKING Heroism.
  9280 | D:7      | Reached skill level 1 in Invocations
  9351 | D:7      | 9351 ||| Stepping ~*~*~tactically~*~*~ (stealth).
  9374 | D:7      | 9374 ||| FLEEEEING.
  9380 | D:7      | 9380 ||| STAIRDANCE
  9422 | D:6      | 9422 ||| UPGRADING to +0 plate armour.
  9432 | D:6      | 9432 ||| DROPPING +0 chain mail.
  9433 | D:6      | 9433 ||| DROPPING +0 ring mail of cold resistance.
  9434 | D:6      | 9434 ||| READING scroll labelled QUIVAJOUM QEIH.
  9535 | D:6      | 9535 ||| READING 2 scrolls labelled FYCSETZI VIHA.
  9536 | D:6      | 9536 ||| DROPPING scroll of immolation.
  9667 | D:7      | Found Ipsilusk's Assorted Antiques.
  9670 | D:7      | 9670 ||| BUYING fuming brown potion (34 gold).
  9670 | D:7      | Bought a fuming brown potion for 34 gold pieces
  9670 | D:7      | 9670 ||| SHOPLISTING potion of attraction (114 gold, have
                  | 31).
  9670 | D:7      | 9670 ||| SHOPLISTING scroll of identify (76 gold, have 31).
  9670 | D:7      | 9670 ||| SHOPLISTING slimy mace (304 gold, have 31).
  9670 | D:7      | 9670 ||| SHOPLISTING tubular peridot ring (190 gold, have
                  | 31).
  9812 | D:7      | 9812 ||| READING 4 scrolls of identify.
  9812 | D:7      | 9812 ||| IDENTIFYING fuming brown potion
  9813 | D:7      | 9813 ||| DROPPING potion of flight.
  9834 | D:8      | 9834 ||| STAIRDANCE
  9842 | D:7      | 9842 ||| DRINKING 5 potions of curing.
  9842 | D:7      | 9842 ||| (to cure confusion)
  9848 | D:8      | 9848 ||| STAIRDANCE
  9858 | D:8      | 9858 ||| INVOKING Heroism.
  9933 | D:8      | 9933 ||| Stepping ~*~*~tactically~*~*~ (stealth).
  9935 | D:8      | 9935 ||| Stepping ~*~*~tactically~*~*~ (stealth).
  9941 | D:8      | Reached skill level 3 in Invocations
 10016 | D:8      | Noticed Joseph
 10018 | D:8      | 10018 ||| Stepping ~*~*~tactically~*~*~ (hiding).
 10023 | D:8      | 10023 ||| INVOKING Heroism.
 10036 | D:8      | Killed Joseph
 10036 | D:8      | Reached ** piety under Okawaru
 10037 | D:8      | Reached XP level 10. HP: 45/63 MP: 10/13
 10072 | D:8      | 10072 ||| FLEEEEING.
 10078 | D:8      | 10078 ||| STAIRDANCE
 10127 | D:7      | 10127 ||| DROPPING ring of wizardry.
 10128 | D:7      | 10128 ||| READING scroll labelled ZATUTAYRGHU.
 10210 | D:8      | 10210 ||| Stepping ~*~*~tactically~*~*~ (stealth).
 10229 | D:8      | 10229 ||| INVOKING Heroism.
 10230 | D:8      | 10230 ||| Stepping ~*~*~tactically~*~*~ (stealth).
 10378 | D:8      | 10378 ||| Stepping ~*~*~tactically~*~*~ (hiding).
 10383 | D:8      | Reached skill level 6 in Armour
 10463 | D:8      | 10463 ||| INVOKING Heroism.
 10688 | D:8      | Found Jymig's Distillery.
 10697 | D:8      | 10697 ||| SHOPLISTING potion of haste (120 gold, have 77).
 10697 | D:8      | 10697 ||| BUYING potion of might (48 gold).
 10697 | D:8      | Bought a potion of might for 48 gold pieces
 10697 | D:8      | 10697 ||| SHOPLISTING potion of mutation (96 gold, have
                  | 29).
 10822 | D:8      | 10822 ||| INVOKING Heroism.
 10827 | D:8      | 10827 ||| DRINKING 4 potions of curing.
 10827 | D:8      | 10827 ||| (to cure confusion)
 11070 | D:8      | 11070 ||| UPGRADING to +0 cloak.
 11075 | D:8      | 11075 ||| DROPPING amulet of magic regeneration.
 11076 | D:8      | 11076 ||| READING scroll labelled RIRIUM USOYLEZ.
 11077 | D:8      | 11077 ||| READING 4 scrolls of identify.
 11077 | D:8      | 11077 ||| IDENTIFYING black potion
 11078 | D:8      | 11078 ||| DROPPING potion of ambrosia.
 11131 | D:9      | 11131 ||| Stepping ~*~*~tactically~*~*~ (hiding).
 11305 | D:9      | Reached skill level 10 in Axes
 11355 | D:9      | 11355 ||| Stepping ~*~*~tactically~*~*~ (stealth).
 11356 | D:9      | 11356 ||| Stepping ~*~*~tactically~*~*~ (stealth).
 11384 | D:9      | 11384 ||| INVOKING Heroism.
 11488 | D:9      | 11488 ||| INVOKING Heroism.
 11507 | D:9      | Reached *** piety under Okawaru
 11515 | D:9      | Received a gift from Okawaru
 11612 | D:9      | Found a staircase to the Lair.
 11657 | D:9      | 11657 ||| Stepping ~*~*~tactically~*~*~ (stealth).
 11833 | D:9      | 11833 ||| Stepping ~*~*~tactically~*~*~ (stealth).
 11836 | D:9      | 11836 ||| Stepping ~*~*~tactically~*~*~ (stealth).
 11838 | D:9      | 11838 ||| Stepping ~*~*~tactically~*~*~ (hiding).
 11843 | D:9      | 11843 ||| Stepping ~*~*~tactically~*~*~ (hiding).
 11846 | D:9      | 11846 ||| INVOKING Heroism.
 11940 | D:9      | 11940 ||| INVOKING Heroism.
 11954 | D:9      | Reached skill level 3 in Throwing
 11954 | D:9      | Reached XP level 11. HP: 45/68 MP: 12/14
 12244 | D:9      | 12244 ||| Stepping ~*~*~tactically~*~*~ (stealth).
 12528 | D:9      | Reached skill level 11 in Axes
 12530 | D:9      | 12530 ||| INVOKING Heroism.
 13005 | D:9      | 13005 ||| PLANNING LAIR
 13005 | D:9      | 13005 ||| UPGRADING to +0 kite shield.
 13015 | D:9      | 13015 ||| DROPPING +0 buckler.
 13076 | Lair:1   | Entered Level 1 of the Lair of Beasts
 13248 | Lair:1   | 13248 ||| INVOKING Heroism.
 13402 | Lair:1   | 13402 ||| INVOKING Heroism.
 13422 | Lair:1   | 13422 ||| INVOKING Heroism.
 13452 | Lair:1   | 13452 ||| INVOKING Heroism.
 13461 | Lair:1   | Reached **** piety under Okawaru
 14111 | Lair:1   | 14111 ||| UPGRADING to +0 pearl dragon scales.
 14121 | Lair:1   | 14121 ||| DROPPING +0 plate armour.
 14165 | Lair:2   | 14165 ||| INVOKING Heroism.
 14188 | Lair:2   | 14188 ||| INVOKING Heroism.
 14231 | Lair:2   | 14231 ||| INVOKING Heroism.
 14320 | Lair:2   | Noticed a five-headed hydra
 14321 | Lair:2   | 14321 ||| INVOKING Heroism.
 14323 | Lair:2   | 14323 ||| SWAPPING to +0 flail.
 14338 | Lair:2   | Killed a five-headed hydra
 14339 | Lair:2   | 14339 ||| SWAPPING to +0 war axe.
 14526 | Lair:2   | Found a staircase to the Snake Pit.
 14533 | Lair:2   | 14533 ||| INVOKING Heroism.
 14540 | Lair:2   | HP: 3/69 [naga/+0 hand axe (18)]
 14541 | Lair:2   | 14541 ||| READING 10 scrolls of teleportation.
 14542 | Lair:2   | 14542 ||| DRINKING 2 potions of heal wounds.
 14544 | Lair:2   | 14544 ||| DRINKING potion of heal wounds.
 14729 | Lair:2   | Noticed Sonja
 14814 | Lair:2   | Killed Sonja
 14815 | Lair:2   | Reached skill level 9 in Shields
 14862 | Lair:2   | 14862 ||| INVOKING Heroism.
 15093 | Lair:2   | 15093 ||| INVOKING Heroism.
 15135 | Lair:2   | 15135 ||| FLEEEEING.
 15136 | Lair:2   | 15136 ||| FLEEEEING.
 15137 | Lair:2   | 15137 ||| FLEEEEING.
 15138 | Lair:2   | 15138 ||| INVOKING Heroism.
 15148 | Lair:2   | 15148 ||| Stepping ~*~*~tactically~*~*~ (water).
 15159 | Lair:2   | Reached skill level 6 in Invocations
 15209 | Lair:2   | 15209 ||| INVOKING Heroism.
 15839 | Lair:3   | Noticed Snorg
 15840 | Lair:3   | 15840 ||| INVOKING Heroism.
 15853 | Lair:3   | HP: 16/69 [Snorg (4)]
 15854 | Lair:3   | 15854 ||| READING 10 scrolls of teleportation.
 15854 | Lair:3   | Slain by Snorg

Levels and vault maps discovered:
D:1:      scummos_arrival_hexagon, layout_loops_corners, st_stairs_9
D:2:      layout_basic, shapermc_ecumenical_altar_ellora, kennysheep_boxes
D:3:      layout_basic, serial_shops, nicolae_shop_hallway_plus,
          portal_sewer_entry_f
D:4:      layout_basic
D:5:      layout_loops_ring, mainiacjoe_overflow_surrounded_room, serial_shops,
          nicolae_lakefront_shop, hangedman_decor_push, kennysheep_minor_cross
D:6:      layout_loops_ring, minmay_temple_entry_junction, uniq_sigmund,
          uniq_menkaure, uniq_blork_the_orc
D:7:      layout_rooms, lemuel_crystal_altar, serial_shops,
          nicolae_diamond_shop, shop, kennysheep_mini_moat, shop, uniq_pikel
D:8:      layout_basic, serial_shops, shop, minmay_misc_feat_roman, uniq_joseph
D:9:      layout_basic, minmay_lair_entry_grove
Temple:   compressed_dpeg_triangle_lava_temple
Lair:1:   layout_hall_layers, serial_bayou_ford_a, beast_lair_carwin_6,
          infiniplex_staircase_pool_2
Lair:2:   layout_chaotic_city, guppyfry_snake_entry_island, uniq_sonja
Lair:3:   layout_gridlike, minmay_swamp_entry_reptiles, minivault_25, uniq_snorg

Skill      XL: |  1  2  3  4  5  6  7  8  9 10 11 |
---------------+----------------------------------+-----
Axes           | 2 3 4 5 7 8 9 10 11 | 11.0
Throwing       | 1 2 3 |  3.0
Dodging        | 2 |  2.2
Fighting       | 4 6 7 8 |  8.4
Armour         | 5 7 |  7.0
Shields        | 6 9 |  9.9
Invocations    | 4 6 |  6.5

Action                   |  1- 3 |  4- 6 |  7- 9 | 10-12 || total
-------------------------+-------+-------+-------+-------++-------
Melee: War axe           |   151 |    93 |   333 |   453 ||  1030
       Flail             |       |       |       |    13 ||    13
Throw: Javelin           |       |    36 |    34 |    22 ||    92
       Boomerang         |       |       |       |    47 ||    47
Invok: Heroism           |       |       |     3 |    22 ||    25
  Use: Scroll            |     4 |     6 |     9 |     5 ||    24
       Potion            |       |     2 |     7 |     3 ||    12
 Stab: Distracted        |       |       |     1 |       ||     1
Armor: Scale mail        |    59 |    41 |       |       ||   100
       Ring mail         |       |     9 |    74 |       ||    83
       Chain mail        |       |       |   111 |       ||   111
       Plate armour      |       |       |    48 |   231 ||   279
       Pearl dragon scal |       |       |       |    99 ||    99
Dodge: Dodged            |    64 |    36 |   131 |   156 ||   387
Block: Buckler           |    27 |    21 |    72 |    65 ||   185
       Kite shield       |       |       |       |   123 ||   123

Table legend:
 A = Non-vault XP
 B = Vault XP
 C = Vault XP percentage of total XP
 D = Non-vault monster count
 E = Vault monster count
 F = Vault count percentage of total count
                 A         B        C        D         E       F
            +---------+---------+-------+---------+---------+-------
      Total |   11253 |    6296 |  35.9 |     212 |      35 |  14.2
            +---------+---------+-------+---------+---------+-------
        D:1 |      46 |       6 |  11.5 |      26 |       3 |  10.3
        D:2 |      35 |       0 |   0.0 |      17 |       0 |   0.0
        D:3 |      74 |       8 |   9.8 |      20 |       4 |  16.7
        D:4 |     657 |       0 |   0.0 |      21 |       0 |   0.0
        D:5 |     437 |       0 |   0.0 |      12 |       0 |   0.0
        D:6 |     769 |     496 |  39.2 |      21 |       3 |  12.5
        D:7 |    1003 |     685 |  40.6 |      19 |       1 |   5.0
        D:8 |    1273 |     423 |  24.9 |      31 |       1 |   3.1
        D:9 |    2208 |    2091 |  48.6 |      28 |      12 |  30.0
     Lair:1 |     446 |    1348 |  75.1 |       4 |       7 |  63.6
     Lair:2 |    4305 |    1239 |  22.3 |      13 |       4 |  23.5
            +---------+---------+-------+---------+---------+-------
